2742 views
Uploaded 2020-02-12 18:02:42
Game version 1.32 / 1.32.1
9:21 long 2on2 ladder game on (4)HillsbradCreek
Saved by iggythefisk
2742 views
Uploaded 2020-02-12 18:02:42
Game version 1.32 / 1.32.1
9:21 long 2on2 ladder game on (4)HillsbradCreek


/ 0.2k
15 buildings @ 1.8k
/ 0.5k

| Peon | 12 | 900 | / | 0 |
| Troll Headhunter | 6 | 840 | / | 120 |
| Demolisher | 1 | 220 | / | 50 |
| total: | 19 | 1960g | / | 170w |
| Altar of Storms | 1 | 180 | / | 50 |
| Orc Burrow | 3 | 480 | / | 120 |
| War Mill | 1 | 205 | / | 0 |
| Barracks | 1 | 180 | / | 50 |
| Stronghold | 1 | 315 | / | 190 |
| total: | 6 | 1045g | / | 220w |
| 0:03 | Peon |
| 0:03 | Peon |
| 0:03 | Peon |
| 0:08 | Altar of Storms |
| 0:13 | Orc Burrow |
| 0:38 | War Mill |
| 0:49 | Peon |
| 1:11 | Barracks |
| 1:18 | Peon |
| 1:28 | Peon |
| 1:39 | Orc Burrow |
| 1:50 | Peon |
| 1:57 | Peon |
| 2:12 | War Stomp |
| 2:14 | Troll Headhunter |
| 2:35 | Troll Headhunter |
| 2:53 | Troll Headhunter |
| 2:58 | Peon |
| 2:58 | Peon |
| 3:29 | Peon |
| 3:29 | Peon |
| 3:30 | Troll Headhunter |
| 3:42 | Orc Burrow |
| 3:58 | Troll Headhunter |
| 4:24 | Stronghold |
| 5:21 | Troll Headhunter |
| 6:54 | Demolisher |
| Right click | 423 |
| Select | 173 |
| Select group | 66 |
| Build/train/purchase | 32 |
| Misc. action | 20 |
| Assign group | 16 |
| Use ability | 1 |
| Minimap ping | 1 |

| Peasant | 9 | 675 | / | 0 |
| Footman | 13 | 1755 | / | 0 |
| total: | 22 | 2430g | / | 0w |
| Scout Tower | 3 | 90 | / | 60 |
| Farm | 4 | 320 | / | 80 |
| Altar of Kings | 1 | 180 | / | 50 |
| Barracks | 1 | 160 | / | 60 |
| Keep | 1 | 320 | / | 210 |
| total: | 9 | 750g | / | 250w |
| 0:24 | Peasant |
| 0:25 | Peasant |
| 0:25 | Peasant |
| 0:25 | Peasant |
| 0:25 | Peasant |
| 0:25 | Peasant |
| 0:25 | Peasant |
| 1:09 | Farm |
| 1:12 | Farm |
| 1:15 | Farm |
| 1:24 | Altar of Kings |
| 1:32 | Peasant |
| 1:32 | Peasant |
| 3:51 | Devotion Aura |
| 4:23 | Keep |
| 4:39 | Barracks |
| 5:53 | Farm |
| 5:57 | Footman |
| 5:57 | Footman |
| 5:57 | Defend |
| 6:44 | Footman |
| 6:44 | Footman |
| 6:46 | Footman |
| 6:46 | Footman |
| 6:46 | Footman |
| 6:47 | Footman |
| 6:47 | Footman |
| 6:47 | Footman |
| 7:51 | Scout Tower |
| 7:55 | Scout Tower |
| 8:00 | Scout Tower |
| 8:07 | Footman |
| 8:07 | Footman |
| 8:07 | Footman |
| Select | 104 |
| Right click | 85 |
| Build/train/purchase | 36 |
| Use ability | 4 |
| Remove unit | 1 |
30 units @ 3.9k
/ 0.3k
30 buildings @ 3.1k
/ 1.1k


| Scroll of Regeneration | 2 | 200 |
| Lesser Clarity Potion | 2 | 140 |
| Ivory Tower | 3 | 120 |
| total: | 7 | 460g |
| Peasant | 9 | 675 | / | 0 |
| Footman | 8 | 1080 | / | 0 |
| Sorceress | 1 | 155 | / | 20 |
| Priest | 1 | 135 | / | 10 |
| total: | 19 | 2045g | / | 30w |
| Scout Tower | 9 | 270 | / | 180 |
| Arcane Tower | 1 | 70 | / | 50 |
| Guard Tower | 5 | 350 | / | 250 |
| Altar of Kings | 1 | 180 | / | 50 |
| Farm | 6 | 480 | / | 120 |
| Barracks | 1 | 160 | / | 60 |
| Arcane Vault | 2 | 260 | / | 60 |
| Lumber Mill | 1 | 120 | / | 0 |
| Arcane Sanctum | 1 | 150 | / | 140 |
| Keep | 1 | 320 | / | 210 |
| total: | 21 | 1620g | / | 610w |
| 0:00 | Peasant |
| 0:03 | Altar of Kings |
| 0:09 | Peasant |
| 0:17 | Farm |
| 0:19 | Barracks |
| 0:31 | Peasant |
| 0:40 | Peasant |
| 0:48 | Farm |
| 0:51 | Peasant |
| 1:01 | Peasant |
| 1:20 | Footman |
| 1:26 | Farm |
| 1:31 | Peasant |
| 1:38 | Peasant |
| 1:45 | Footman |
| 1:51 | Peasant |
| 2:04 | Summon Water Elemental |
| 2:05 | Footman |
| 2:45 | Keep |
| 3:24 | Arcane Vault |
| 3:25 | Footman |
| 3:46 | Farm |
| 3:46 | Farm |
| 3:48 | Footman |
| 4:08 | Footman |
| 4:16 | Scroll of Regeneration |
| 4:26 | Footman |
| 4:43 | Farm |
| 5:07 | Footman |
| 5:19 | Brilliance Aura |
| 5:21 | Scout Tower |
| 5:22 | Scout Tower |
| 5:27 | Scout Tower |
| 5:33 | Arcane Sanctum |
| 5:42 | Scout Tower |
| 5:45 | Lumber Mill |
| 6:01 | Arcane Tower |
| 6:06 | Defend |
| 6:23 | Arcane Vault |
| 6:27 | Guard Tower |
| 6:38 | Thunder Clap |
| 6:47 | Guard Tower |
| 6:47 | Guard Tower |
| 7:41 | Summon Water Elemental |
| 7:52 | Sorceress |
| 7:54 | Priest |
| 8:00 | Bash |
| 8:07 | Scroll of Regeneration |
| 8:07 | Lesser Clarity Potion |
| 8:13 | Lesser Clarity Potion |
| 8:14 | Ivory Tower |
| 8:15 | Ivory Tower |
| 8:15 | Ivory Tower |
| 8:41 | Scout Tower |
| 8:41 | Scout Tower |
| 8:58 | Guard Tower |
| 9:07 | Guard Tower |
| 9:13 | Scout Tower |
| 9:13 | Scout Tower |
| 9:14 | Scout Tower |
| Right click | 634 |
| Select | 362 |
| Select group | 115 |
| Build/train/purchase | 67 |
| Assign group | 32 |
| Use ability | 4 |
| Resource trade | 4 |
| Misc. action | 2 |
| Remove unit | 2 |


| Rod of Necromancy | 2 | 300 |
| Ritual Dagger | 1 | 125 |
| Sacrificial Skull | 1 | 50 |
| Scroll of Regeneration | 1 | 100 |
| total: | 5 | 575g |
| Acolyte | 2 | 150 | / | 0 |
| Ghoul | 2 | 240 | / | 0 |
| Crypt Fiend | 6 | 1290 | / | 240 |
| Obsidian Statue | 1 | 200 | / | 35 |
| total: | 11 | 1880g | / | 275w |
| Crypt | 1 | 200 | / | 50 |
| Altar of Darkness | 1 | 180 | / | 50 |
| Ziggurat | 4 | 600 | / | 200 |
| Tomb of Relics | 1 | 130 | / | 30 |
| Graveyard | 1 | 215 | / | 0 |
| Slaughterhouse | 1 | 140 | / | 135 |
| Halls of the Dead | 1 | 320 | / | 210 |
| Black Citadel | 1 | 325 | / | 230 |
| total: | 9 | 1465g | / | 465w |
| 0:01 | Acolyte |
| 0:05 | Crypt |
| 0:07 | Acolyte |
| 0:13 | Altar of Darkness |
| 0:26 | Ziggurat |
| 0:39 | Tomb of Relics |
| 1:08 | Ghoul |
| 1:21 | Graveyard |
| 1:33 | Ghoul |
| 1:48 | Ziggurat |
| 2:14 | Death Coil |
| 2:15 | Rod of Necromancy |
| 2:17 | Ritual Dagger |
| 2:43 | Crypt Fiend |
| 3:17 | Crypt Fiend |
| 3:50 | Crypt Fiend |
| 4:01 | Halls of the Dead |
| 4:20 | Crypt Fiend |
| 4:34 | Rod of Necromancy |
| 4:35 | Sacrificial Skull |
| 4:50 | Ziggurat |
| 5:57 | Crypt Fiend |
| 6:00 | Creature Attack |
| 6:18 | Unholy Aura |
| 6:36 | Crypt Fiend |
| 6:40 | Slaughterhouse |
| 7:06 | Scroll of Regeneration |
| 7:38 | Ziggurat |
| 7:41 | Improved Creature Attack |
| 7:44 | Frost Nova |
| 8:11 | Black Citadel |
| 9:05 | Unholy Aura |
| 9:10 | Obsidian Statue |
| Right click | 568 |
| Assign group | 286 |
| Select group | 213 |
| Select | 142 |
| Build/train/purchase | 49 |
| Use ability | 12 |
| Misc. action | 8 |
| Resource trade | 4 |
| Minimap ping | 1 |
⇛